ITL
TUSCALOOSA TROUT SLAYERS @ BLUEVILLE 83'S
08/29/2026
 
TOP OF THE 1ST
Tuscaloosa Trout Slayers batting - Pitching for Blueville 83's : LHP Pierre Dumont
Pitching: LHP Pierre Dumont
Batting: LHB Ed Hart 0-0: Called Strike
0-1: SINGLE (Line Drive, 56D)
Batting: LHB Ed Murray 0-0: SINGLE (Groundball, 6MD)
Ed Hart to second
Batting: RHB Ryan McBride 0-0: Ball
1-0: SINGLE (Flyball, 89S)
Ed Hart to third
Ed Murray to second
Batting: LHB Albert Morgan 0-0: Called Strike
0-1: Called Strike
0-2: Ball
1-2: Ball
2-2: Ball
3-2: Base on Balls
Ed Hart scores
Ed Murray to third
Ryan McBride to second
Pitching: RHP José Ruíz
Batting: RHB Lowie van den Bogaert 0-0: Foul Ball, location: 2F
0-1: DOUBLE (Line Drive, 7M)
Ed Murray scores
Ryan McBride scores
Albert Morgan to third
Runner from 3rd tries for Home, SAFE, throw made at trailing runner, SAFE at third!
Batting: RHB Pedro Rodríguez 0-0: Ball
1-0: Foul Ball, location: 2F
1-1: Foul Ball, location: 2F
1-2: Ball
2-2: Fly out, F8 (Flyball, 8LXD)
Runner from 3rd tags up, SCORES, no throw
Batting: LHB Ricardo Berroa 0-0: Called Strike
0-1: Ball
1-1: Foul Ball, location: 2F
1-2: Foul Ball, location: 2F
1-2: Ground out U3 (Groundball, 3L)
Batting: RHB Dave Hall 0-0: Ball
1-0: Fly out, F8 (Flyball, 8RXD)
Top of the 1st over - 5 run(s), 4 hit(s), 0 error(s), 0 left on base; Tuscaloosa 5 - Blueville 0
BOTTOM OF THE 1ST
Blueville 83's batting - Pitching for Tuscaloosa Trout Slayers : RHP Rafael Ramírez
Pitching: RHP Rafael Ramírez
Batting: RHB Earl Conrad 0-0: Called Strike
0-1: Ball
1-1: Foul Ball, location: 2F
1-2: Fly out, F8 (Flyball, 8LM)
Batting: RHB Juan Costello 0-0: Foul Ball, location: 2F
0-1: Swinging Strike
0-2: Foul Ball, location: 2F
0-2: Ball
1-2: SINGLE (Line Drive, 7S)
Batting: RHB Naomichi Aoki 0-0: Swinging Strike
0-1: Ball
1-1: Ball
2-1: Called Strike
2-2: Ball
3-2: Foul Ball, location: 2F
3-2: Base on Balls
Juan Costello to second
Batting: RHB Gernot Renner 0-0: Ball
Juan Costello steals 3rd base
Naomichi Aoki to second
1-0: Called Strike
1-1: Foul Ball, location: 2F
1-2: Foul Ball, location: 2F
1-2: Strikes out swinging
Batting: RHB Bryce Hester 0-0: Ball
1-0: Foul Ball, location: 2F
1-1: Swinging Strike
1-2: Strikes out swinging
Bottom of the 1st over - 0 run(s), 1 hit(s), 0 error(s), 2 left on base; Tuscaloosa 5 - Blueville 0
TOP OF THE 2ND
Tuscaloosa Trout Slayers batting - Pitching for Blueville 83's : RHP José Ruíz
Batting: RHB Ben Morton 0-0: Ball
1-0: Called Strike
1-1: Foul Ball, location: 2F
1-2: Ball
2-2: DOUBLE (Groundball, 5L)
Batting: LHB Ed Hart 0-0: Swinging Strike
0-1: Swinging Strike
0-2: Ball
1-2: Strikes out swinging
Batting: LHB Ed Murray 0-0: Swinging Strike
0-1: Ball
1-1: Ground out 3-1 (Groundball, 34)
Ben Morton to third
Batting: RHB Ryan McBride 0-0: Called Strike
0-1: Foul Ball, location: 2F
0-2: Ball
1-2: Foul Ball, location: 2F
1-2: Ball
2-2: Ground out 5-3 (Groundball, 5S)
Top of the 2nd over - 0 run(s), 1 hit(s), 0 error(s), 1 left on base; Tuscaloosa 5 - Blueville 0
BOTTOM OF THE 2ND
Blueville 83's batting - Pitching for Tuscaloosa Trout Slayers : RHP Rafael Ramírez
Batting: RHB Matt Perkins 0-0: Called Strike
0-1: Foul Ball, location: 2F
0-2: Strikes out swinging
Batting: LHB Júlio Velásquez 0-0: Fly out, F7 (Line Drive, 78M)
Batting: LHB Cristóbal Cintrón 0-0: Called Strike
0-1: Ball
1-1: Ball
2-1: Ball
3-1: Base on Balls
Batting: LHB Robbie McLaughlin 0-0: Ball
1-0: Called Strike
1-1: Foul Ball, location: 2F
1-2: Ball
2-2: Ball
3-2: Foul Ball, location: 2F
3-2: Fly out, F5 (Popup, 56S)
Bottom of the 2nd over - 0 run(s), 0 hit(s), 0 error(s), 1 left on base; Tuscaloosa 5 - Blueville 0
TOP OF THE 3RD
Tuscaloosa Trout Slayers batting - Pitching for Blueville 83's : RHP José Ruíz
Batting: LHB Albert Morgan 0-0: Ground out U3 (Groundball, 3S)
Batting: RHB Lowie van den Bogaert 0-0: Ball
1-0: Called Strike
1-1: Swinging Strike
1-2: Strikes out swinging
Batting: RHB Pedro Rodríguez 0-0: Called Strike
0-1: Ball
1-1: Ball
2-1: Ball
3-1: Foul Ball, location: 2F
3-2: SINGLE (Groundball, 4MD)
Pitching: RHP Michael Carr
Batting: LHB Ricardo Berroa 0-0: SINGLE (Flyball, 5L)
Pedro Rodríguez to second
Batting: RHB Dave Hall 0-0: Called Strike
0-1: Ball
1-1: Fielders Choice at 2nd, 5-4 (Groundball, 5)
Top of the 3rd over - 0 run(s), 2 hit(s), 0 error(s), 1 left on base; Tuscaloosa 5 - Blueville 0
BOTTOM OF THE 3RD
Blueville 83's batting - Pitching for Tuscaloosa Trout Slayers : RHP Rafael Ramírez
Batting: RHB Earl Conrad 0-0: Ball
1-0: Called Strike
1-1: Swinging Strike
1-2: Reached on error, E6 (Groundball, 6)
Batting: RHB Juan Costello 0-0: Swinging Strike
0-1: Ball
1-1: Ball
2-1: Ball
3-1: Fly out, F9 (Flyball, 89M)
Batting: RHB Naomichi Aoki 0-0: Ball
1-0: SINGLE (Groundball, 56D)
Earl Conrad to second
Batting: RHB Gernot Renner 0-0: Ball
1-0: Called Strike
1-1: Foul Ball, location: 2F
1-2: Grounds into double play, 5-4-3 (Groundball, 56)
Bottom of the 3rd over - 0 run(s), 1 hit(s), 1 error(s), 1 left on base; Tuscaloosa 5 - Blueville 0
TOP OF THE 4TH
Tuscaloosa Trout Slayers batting - Pitching for Blueville 83's : RHP Michael Carr
Batting: RHB Ben Morton 0-0: Foul Ball, location: 2F
0-1: Fly out, F9 (Flyball, 89D)
Batting: LHB Ed Hart 0-0: Ball
1-0: Ball
2-0: Ball
3-0: Fly out, F5 (Line Drive, 56)
Batting: LHB Ed Murray 0-0: SINGLE (Flyball, 56D)
Batting: RHB Ryan McBride 0-0: 2-RUN HOME RUN (Flyball, 7D), Distance : 387 ft
Batting: LHB Albert Morgan 0-0: Foul Ball, location: 2F
0-1: Called Strike
0-2: Strikes out swinging
Top of the 4th over - 2 run(s), 2 hit(s), 0 error(s), 0 left on base; Tuscaloosa 7 - Blueville 0
BOTTOM OF THE 4TH
Blueville 83's batting - Pitching for Tuscaloosa Trout Slayers : RHP Rafael Ramírez
Batting: RHB Bryce Hester 0-0: Ball
1-0: Ball
2-0: Called Strike
2-1: Called Strike
2-2: SINGLE (Line Drive, 8RS)
Batting: RHB Matt Perkins 0-0: 2-RUN HOME RUN (Flyball, 8RXD), Distance : 440 ft
Batting: LHB Júlio Velásquez 0-0: Ball
1-0: SINGLE (Groundball, 6MD)
Batting: LHB Cristóbal Cintrón 0-0: Ball
1-0: Called Strike
1-1: Foul Ball, location: 2F
1-2: Ball
2-2: Strikes out swinging
Batting: LHB Robbie McLaughlin 0-0: Called Strike
Júlio Velásquez steals 2nd base
0-1: Foul Ball, location: 2F
0-2: Strikes out swinging
Batting: RHB Earl Conrad 0-0: Called Strike
0-1: SINGLE (Line Drive, 89S)
Júlio Velásquez to third
Runner from 3rd tries for Home, SAFE, no throw or cutoff
Batting: RHB Juan Costello 0-0: Foul Ball, location: 2F
0-1: Fly out, F7 (Flyball, 78D)
Bottom of the 4th over - 3 run(s), 4 hit(s), 0 error(s), 1 left on base; Tuscaloosa 7 - Blueville 3
TOP OF THE 5TH
Tuscaloosa Trout Slayers batting - Pitching for Blueville 83's : RHP Michael Carr
Batting: RHB Lowie van den Bogaert 0-0: Called Strike
0-1: Ball
1-1: Ball
2-1: Fly out, F2 (Popup, 2RF)
Batting: RHB Pedro Rodríguez 0-0: Ball
1-0: Ball
2-0: Called Strike
2-1: SINGLE (Groundball, 6MD)
Batting: LHB Ricardo Berroa 0-0: Fly out, F8 (Flyball, 8LD)
Batting: RHB Dave Hall 0-0: Ball
1-0: Foul Ball, location: 2F
1-1: Ball
2-1: Foul Ball, location: 2F
2-2: Ball
3-2: Strikes out swinging
Top of the 5th over - 0 run(s), 1 hit(s), 0 error(s), 1 left on base; Tuscaloosa 7 - Blueville 3
BOTTOM OF THE 5TH
Blueville 83's batting - Pitching for Tuscaloosa Trout Slayers : RHP Rafael Ramírez
Batting: RHB Naomichi Aoki 0-0: Ball
1-0: Called Strike
1-1: Foul Ball, location: 2F
1-2: Foul Ball, location: 2F
1-2: Ball
2-2: SINGLE (Line Drive, 9LS)
Batting: RHB Gernot Renner 0-0: Fly out, F7 (Flyball, 7D)
Batting: RHB Bryce Hester 0-0: Called Strike
0-1: Ball
1-1: Foul Ball, location: 2F
1-2: SINGLE (Line Drive, 89S)
Naomichi Aoki to second
Batting: RHB Matt Perkins 0-0: Fly out, F7 (Flyball, 7M)
Batting: LHB Júlio Velásquez 0-0: Ball
1-0: Swinging Strike
1-1: Called Strike
1-2: Ball
2-2: Foul Ball, location: 2F
2-2: Ball
3-2: Strikes out swinging
Bottom of the 5th over - 0 run(s), 2 hit(s), 0 error(s), 2 left on base; Tuscaloosa 7 - Blueville 3
TOP OF THE 6TH
Tuscaloosa Trout Slayers batting - Pitching for Blueville 83's : RHP Michael Carr
Batting: RHB Ben Morton 0-0: Ball
1-0: Swinging Strike
1-1: Ball
2-1: Foul Ball, location: 2F
2-2: Strikes out swinging
Batting: LHB Ed Hart 0-0: Ground out 5-3 (Groundball, 56)
Batting: LHB Ed Murray 0-0: Ground out U3 (Groundball, 3)
Top of the 6th over - 0 run(s), 0 hit(s), 0 error(s), 0 left on base; Tuscaloosa 7 - Blueville 3
BOTTOM OF THE 6TH
Blueville 83's batting - Pitching for Tuscaloosa Trout Slayers : RHP Rafael Ramírez
Batting: LHB Cristóbal Cintrón 0-0: Ball
1-0: Swinging Strike
1-1: Ball
2-1: Swinging Strike
2-2: Foul Ball, location: 2F
2-2: Ball
3-2: Base on Balls
Pitching: RHP Jules Côté
Batting: LHB Robbie McLaughlin 0-0: Called Strike
0-1: Foul Ball, location: 2F
0-2: Ball
1-2: Ball
2-2: Ball
3-2: Ground out 5-3 (Groundball, 56)
Cristóbal Cintrón to second
Batting: RHB Earl Conrad 0-0: Foul Ball, location: 2F
0-1: SINGLE (Flyball, 9S)
Cristóbal Cintrón to third
Batting: RHB Juan Costello 0-0: Ball
1-0: Ball
2-0: Ball
3-0: Base on Balls
Earl Conrad to second
Batting: RHB Naomichi Aoki 0-0: Called Strike
0-1: Ball
1-1: Fly out, F9 (Flyball, 9D)
Runner from 3rd tags up, SCORES, throw made
Batting: RHB Gernot Renner 0-0: Ball
1-0: Called Strike
1-1: Ball
2-1: Ball
3-1: Foul Ball, location: 2F
3-2: Ground out 6-3 (Groundball, 6)
Bottom of the 6th over - 1 run(s), 1 hit(s), 0 error(s), 2 left on base; Tuscaloosa 7 - Blueville 4
TOP OF THE 7TH
Tuscaloosa Trout Slayers batting - Pitching for Blueville 83's : RHP Michael Carr
Pitching: RHP Félix Rivera
Batting: RHB Ryan McBride 0-0: Foul Ball, location: 2F
0-1: Ball
1-1: Swinging Strike
1-2: Ball
2-2: Ground out 5-3 (Groundball, 56)
Batting: LHB Albert Morgan 0-0: Foul Ball, location: 2F
0-1: Foul Ball, location: 2F
0-2: Ball
1-2: Strikes out swinging
Batting: RHB Lowie van den Bogaert 0-0: Ball
1-0: Foul Ball, location: 2F
1-1: Fly out, F3 (Popup, 3)
Top of the 7th over - 0 run(s), 0 hit(s), 0 error(s), 0 left on base; Tuscaloosa 7 - Blueville 4
BOTTOM OF THE 7TH
Blueville 83's batting - Pitching for Tuscaloosa Trout Slayers : RHP Jules Côté
Batting: RHB Bryce Hester 0-0: Called Strike
0-1: Foul Ball, location: 2F
0-2: Ball
1-2: Ball
2-2: SINGLE (Popup, 8RS)
Batting: RHB Matt Perkins 0-0: Swinging Strike
0-1: Ball
1-1: Ball
2-1: Ball
3-1: Foul Ball, location: 2F
3-2: Base on Balls
Bryce Hester to second
Batting: LHB Júlio Velásquez 0-0: Called Strike
0-1: Ball
1-1: SINGLE (Line Drive, 7S)
Bryce Hester to third
Matt Perkins to second
Batting: LHB Cristóbal Cintrón 0-0: Called Strike
0-1: Ball
1-1: Foul Ball, location: 2F
1-2: Strikes out swinging
Batting: LHB Robbie McLaughlin 0-0: Ball
1-0: Ball
2-0: Foul Ball, location: 2F
2-1: Ball
3-1: Called Strike
3-2: Fly out, F5 (Popup, 5DF)
Pitching: RHP Juan Patino
Batting: RHB Earl Conrad 0-0: Ball
1-0: Ball
2-0: Foul Ball, location: 2F
2-1: Called Strike
2-2: Ball
3-2: Base on Balls
Bryce Hester scores
Matt Perkins to third
Júlio Velásquez to second
Pinch Hitting: LHB Jacob Wright 0-0: Called Strike
0-1: Foul Ball, location: 2F
0-2: Strikes out swinging
Bottom of the 7th over - 1 run(s), 2 hit(s), 0 error(s), 3 left on base; Tuscaloosa 7 - Blueville 5
TOP OF THE 8TH
Tuscaloosa Trout Slayers batting - Pitching for Blueville 83's : RHP Félix Rivera
Now at SS: Carlos Carrillo
Batting: RHB Pedro Rodríguez 0-0: SINGLE (Groundball, 5L)
Batting: LHB Ricardo Berroa 0-0: Sac Bunt - play at first, batter OUT! 5-4
Pedro Rodríguez to second
Batting: RHB Dave Hall 0-0: Called Strike
0-1: Ground out 6-3 (Groundball, 6)
Batting: RHB Ben Morton 0-0: Ball
1-0: Ball
2-0: Called Strike
2-1: Ground out 5-3 (Groundball, 56)
Top of the 8th over - 0 run(s), 1 hit(s), 0 error(s), 1 left on base; Tuscaloosa 7 - Blueville 5
BOTTOM OF THE 8TH
Blueville 83's batting - Pitching for Tuscaloosa Trout Slayers : RHP Juan Patino
Batting: RHB Naomichi Aoki 0-0: Foul Ball, location: 2F
0-1: Swinging Strike
0-2: Strikes out looking
Batting: RHB Gernot Renner 0-0: Ball
1-0: Ground out 6-3 (Groundball, 6)
Batting: RHB Bryce Hester 0-0: Called Strike
0-1: Foul Ball, location: 2F
0-2: Ball
1-2: Ball
2-2: Ball
3-2: Fly out, F8 (Flyball, 8LS)
Bottom of the 8th over - 0 run(s), 0 hit(s), 0 error(s), 0 left on base; Tuscaloosa 7 - Blueville 5
TOP OF THE 9TH
Tuscaloosa Trout Slayers batting - Pitching for Blueville 83's : RHP Félix Rivera
Batting: LHB Ed Hart 0-0: Ball
1-0: SINGLE (Groundball, 5D)
Batting: LHB Ed Murray 0-0: Called Strike
0-1: Swinging Strike
0-2: Strikes out swinging
Batting: RHB Ryan McBride 0-0: Called Strike
0-1: Swinging Strike
0-2: SINGLE (Groundball, 56)
Ed Hart to second
Batting: LHB Albert Morgan 0-0: SINGLE (Groundball, 4MD)
Ed Hart to third
Ryan McBride to second
Runner from 3rd tries for Home, SAFE, throw made home
Ryan McBride to third
Albert Morgan to second
Batting: RHB Lowie van den Bogaert 0-0: Called Strike
0-1: Ball
1-1: Ball
2-1: Called Strike
2-2: Strikes out looking
Pitching: LHP Carlos Thomas
Batting: RHB Pedro Rodríguez 0-0: Ball
1-0: Ball
2-0: Foul Ball, location: 2F
2-1: Foul Ball, location: 2F
2-2: Foul Ball, location: 2F
2-2: Strikes out swinging
Top of the 9th over - 1 run(s), 3 hit(s), 0 error(s), 2 left on base; Tuscaloosa 8 - Blueville 5
BOTTOM OF THE 9TH
Blueville 83's batting - Pitching for Tuscaloosa Trout Slayers : RHP Juan Patino
Now at 1B: Alberto Pérez
Now at SS: Tetsunori Ito
Batting: RHB Matt Perkins 0-0: Ball
1-0: Ball
2-0: Swinging Strike
2-1: Fly out, F9 (Flyball, 9M)
Batting: LHB Júlio Velásquez 0-0: Ball
1-0: Ball
2-0: Called Strike
2-1: SINGLE (Line Drive, 6D)
Batting: LHB Cristóbal Cintrón 0-0: Ball
1-0: Called Strike
1-1: SINGLE (Line Drive, 89S)
Júlio Velásquez to second
Batting: LHB Robbie McLaughlin 0-0: Called Strike
0-1: Foul Ball, location: 2F
0-2: Foul Ball, location: 2F
0-2: Foul Ball, location: 2F
0-2: Ball
1-2: Foul Ball, location: 2F
1-2: Foul Ball, location: 2F
1-2: TRIPLE (Flyball, 9LD)
Júlio Velásquez scores
Cristóbal Cintrón scores
Batting: RHB Earl Conrad 0-0: Ball
1-0: Swinging Strike
1-1: Swinging Strike
1-2: Foul Ball, location: 2F
1-2: Fly out, F8 (Flyball, 89XD)
Runner from 3rd tags up, SCORES, no throw
Pitching: RHP John Charles
Pinch Hitting: LHB António Glaviz 0-0: Ball
1-0: Ball
2-0: Ball
3-0: SINGLE (Groundball, 56D)
Batting: RHB Naomichi Aoki 0-0: Called Strike
0-1: Foul Ball, location: 2F
0-2: Ball
1-2: Foul Ball, location: 2F
1-2: Ball
2-2: Ball
3-2: Fly out, F4 (Popup, 4D)
Bottom of the 9th over - 3 run(s), 4 hit(s), 0 error(s), 1 left on base; Tuscaloosa 8 - Blueville 8
TOP OF THE 10TH
Tuscaloosa Trout Slayers batting - Pitching for Blueville 83's : LHP Carlos Thomas
Pitching: RHP Cody White
Now at SS: Pat Haynes
Batting: LHB Ricardo Berroa 0-0: Ball
1-0: Foul Ball, location: 2F
1-1: Ball
2-1: Called Strike
2-2: Strikes out looking
Pinch Hitting: RHB José Fernández 0-0: Foul Ball, location: 2F
0-1: Swinging Strike
0-2: Ball
1-2: Ball
2-2: Foul Ball, location: 2F
2-2: Ball
3-2: Foul Ball, location: 2F
3-2: Foul Ball, location: 2F
3-2: Foul Ball, location: 2F
3-2: Fly out, F2 (Popup, 23F)
Pinch Hitting: LHB Marcos Villarreal 0-0: Called Strike
0-1: Ball
1-1: Fly out, F8 (Flyball, 8LD)
Top of the 10th over - 0 run(s), 0 hit(s), 0 error(s), 0 left on base; Tuscaloosa 8 - Blueville 8
BOTTOM OF THE 10TH
Blueville 83's batting - Pitching for Tuscaloosa Trout Slayers : RHP John Charles
Now at C: Satoru Daikawa
Now at 1B: José Fernández
Batting: RHB Gernot Renner 0-0: Called Strike
0-1: Foul Ball, location: 2F
0-2: Ground out 5-3 (Groundball, 56)
Pinch Hitting: LHB Ricardo Romero 0-0: Foul Ball, location: 2F
0-1: Ball
1-1: Foul Ball, location: 2F
1-2: Foul Ball, location: 2F
1-2: Ball
2-2: Ball
3-2: SINGLE (Groundball, 6M)
Pinch Hitting: LHB Bill McJannett 0-0: Ball
1-0: Ball
2-0: DOUBLE (Line Drive, 9D)
Ricardo Romero to third
Batting: LHB Júlio Velásquez 0-0: Intentional Walk
Batting: LHB Cristóbal Cintrón 0-0: Ball
1-0: Foul Ball, location: 2F
1-1: Called Strike
1-2: Ball
2-2: Foul Ball, location: 2F
2-2: GRAND SLAM HOME RUN (Flyball, 89XD), Distance : 412 ft
Monday, December 5th, 2016 - OOTP Baseball 17.12 Build 75